Unix NetHack Version 5.0.0-0 post-release - last build May 31 2026 23:59:36 (970b52f25bf058293b47ddfd14a1e40e571c508c,branch:main).

Game began 2026-06-04 17:36:39, ended 2026-06-04 17:56:03.

DiePARTEI, neutral female human Tourist

         ---                                              ----       ---
        --.-----                   -- ---         ------- |..---    --.--
        |......--    ------        |.--.----   ----..|..---....-----|...|
        |.......|   --.--.---      |.......|  --.|.......|......--.--...|
        -<...|..|   |.......| ----  -......|  |........................-
       |..--.|---   --......| |..|  ---....|  |......%--#..............|
       ----|.|    ----....--- |..|    |....|  ----....|#-..............--
           |.|    |.......|   --.--   |....--    |....#|......---.......--
           |.|    |......-|   |...-- ---....|    ----..|-.....---........|
           #%---- |-......--- --...--|.....--        ..---...............|
----       |)...---...---...---|.....|.-----        ---....---..........--
|..--      |%....|....---.....####...Z..--        ---|..---- |..........|---
|.^.-#-    |)...................@@..Z...*#----   --..|.-------..........--.--
---...|    |.*....................--.........-----.....---..................--
  |...------......................--...----.............[..--........---...|.|
  |..............(......##---..--.....--  --.-----------------0.--..-- |...|.|
  --..................---   |..|----.--    ---                ---|..|  --....--
   |.................--     ----   |.| ---                       ----   |.....|
   ---..---.....---...|            |.--..|                              --...--
     |..| ----.-- --..|            |.....|                               -----
     ----    ---   ----            -------
DiePARTEI the Excursionist  St:12 Dx:13 Co:18 In:10 Wi:11 Ch:14  Neutral
Dlvl:4  $:0  HP:0(68) Pw:25(25) AC:0  Xp:6 T:1815  Burdened

Latest messages:
 The dart misses the gnome lord.
 You are hit by a dart.
 The watch captain picks up a crossbow bolt.
 The gnome lord picks up 2 +2 darts.
 The watch captain picks up a hooded cloak.
 The watch captain puts on a hooded cloak.
 The watch captain shoots a crossbow bolt!
 The watch captain misfires!
 The watch captain shoots a crossbow bolt!
 The watch captain misfires!
 The gnome lord picks up a hooded cloak.
 What do you want to put on? [pH or ?*] p
 Which ring-finger, Right or Left? [rl] l
 p - a ring called conflict (on left hand).
 The watch captain picks up a crossbow bolt.
 The watch captain throws a dart!
 You are hit by a dart!
 You hear the howling of the CwnAnnwn...
 What do you want to drink? [oqtI or ?*] t
 You feel wise!
 The watch captain wields a long sword!
 The watch captain shoots a crossbow bolt!
 The watch captain misfires!
 The crossbow bolt misses the watch captain.
 A crossbow bolt misses you.
 The watch captain shoots a crossbow bolt!
 The crossbow bolt misses the watch captain.
 A crossbow bolt misses you.
 You climb up the stairs.
 The watch captain swings her long sword at the orc zombie.
 The watch captain hits the orc zombie.
 The watch captain swings her long sword at the orc zombie.
 The watch captain hits the orc zombie.
 The orc zombie is destroyed!
 The orc zombie hits the newt.
 The newt is killed!
 The orc zombie hits it.
 What do you want to write with? [- apryzCDFGLNPT or ?*] -
 You write in the dust with your fingertip.
 What do you want to write in the dust here? Elbereth
 The watch captain swings her long sword.
 The watch captain misses!
 The watch captain swings her long sword.
 The watch captain hits!
 You die...
 Do you want your possessions identified? [ynq] (y) y
 Do you want to see your attributes? [ynq] (y) y
 Do you want an account of creatures vanquished? [ynaq] (y) y
 Do you want to see your conduct and achievements? [ynq] (y) y
 Do you want to see the dungeon overview? [ynq] (y) y

Inventory:
 Amulets  ('"')
  H - a cursed amulet of change
 Weapons  (')')
  G - a cursed -1 crossbow bolt
  a - 15 +2 darts (at the ready)
  T - 5 +2 daggers
  z - 7 +0 daggers
  r - a +0 orcish dagger
 Armor    ('[')
  w - an uncursed +0 dwarvish iron helm (being worn)
  x - a blessed +4 pair of iron shoes (being worn)
  A - a blessed +1 pair of low boots
  k - an uncursed +0 Hawaiian shirt with an orchid motif (being worn)
  u - an uncursed +0 orcish ring mail (being worn)
 Comestibles  ('%')
  c - 9 uncursed food rations
  g - an uncursed fortune cookie
  b - 2 uncursed tins of candied jackal meat
  h - an uncursed tin of pickled sewer rat meat
  d - an uncursed egg
 Scrolls  ('?')
  j - 4 uncursed scrolls of magic mapping
 Potions  ('!')
  q - an uncursed potion of gain energy
  o - an uncursed potion of healing
  I - an uncursed potion of sleeping
 Rings    ('=')
  p - an uncursed ring of conflict (on left hand)
 Tools    ('(')
  s - an uncursed oilskin sack containing 1 item
  m - an uncursed credit card
  l - an expensive camera (0:87)
  n - an uncursed lock pick
  R - an uncursed lock pick
  E - a cursed +0 pick-axe
  Q - an uncursed skeleton key
  K - an uncursed stethoscope
  v - a cursed stethoscope named cursed
  B - an uncursed tallow candle
  J - 4 cursed tallow candles
 Gems/Stones  ('*')
  F - 3 uncursed fluorite stones
  y - an uncursed garnet stone
  N - a cursed worthless piece of black glass
  C - 4 uncursed worthless pieces of orange glass
  D - 2 cursed worthless pieces of violet glass
  P - an uncursed worthless piece of white glass
  L - an uncursed worthless piece of yellowish brown glass

Contents of the oilskin sack:
  146 gold pieces

DiePARTEI the Tourist's attributes:

Background:
 You were an Excursionist, a level 6 female human Tourist.
 You were neutral, on a mission for The Lady
 who was opposed by Blind Io (lawful) and Offler (chaotic).
 You were right-handed.
 You were in the Gnomish Mines, on level 4.
 You entered the dungeon 1815 turns ago.
 You had 462 experience points, 178 more were needed to attain level 7.

Basics:
 You had 0 out of 68 hit points.
 You had all 25 energy points (spell power).
 Your armor class was 0.
 Your wallet was empty, but
 you had 146 zorkmids stashed away in your pack.
 Autopickup was off.

Final Characteristics:
 Your strength was 12 (limit:18/100).
 Your dexterity was 13 (limit:18).
 Your constitution was 18 (limit:18).
 Your intelligence was 10 (limit:18).
 Your wisdom was 11 (limit:18).
 Your charisma was 14 (limit:18).

Final Status:
 You weren't hungry.
 You were burdened; movement was slightly slowed.
 You were bare handed.
 You were unskilled in bare handed combat.

Final Attributes:
 You were devoutly aligned.
 You caused conflict.
 You were warded.
 You are dead.

Miscellaneous:
 You didn't encounter any bones levels.
 Total elapsed playing time was 19 minutes and 23 seconds.

Major events:
 Turn
    1: DiePARTEI the neutral female human Tourist entered the dungeon
  648: entered the Gnomish Mines
  697: attained the rank of Sightseer (level 3)
 1736: reached Mine Town
 1794: attained the rank of Excursionist (level 6)
 1815: killed by a watch captain

You didn't know any spells.

Skills:
 Fighting Skills
   bare handed combat [Unskilled]
   two weapon combat  [Unskilled]
   riding             [Unskilled]
 Weapon Skills
   dagger             [Unskilled]
   knife              [Unskilled]
   axe                [Unskilled]
   pick-axe           [Unskilled]
   short sword        [Unskilled]
   broadsword         [Unskilled]
   long sword         [Unskilled]
   two-handed sword   [Unskilled]
   saber              [Unskilled]
   mace               [Unskilled]
   morning star       [Unskilled]
   flail              [Unskilled]
   hammer             [Unskilled]
   quarterstaff       [Unskilled]
   polearms           [Unskilled]
   spear              [Unskilled]
   trident            [Unskilled]
   lance              [Unskilled]
   bow                [Unskilled]
   sling              [Unskilled]
   crossbow           [Unskilled]
   dart               [Skilled]
   shuriken           [Unskilled]
   boomerang          [Unskilled]
   whip               [Unskilled]
   unicorn horn       [Unskilled]
 Spellcasting Skills
   divination spells  [Unskilled]
   enchantment spells [Unskilled]
   escape spells      [Unskilled]

Voluntary challenges:
 Character rerolling was not enabled.
 You never hit with a wielded weapon.
 You never genocided any monsters.
 You never polymorphed an object.
 You never changed form.
 You used no wishes.
Achievements:
 You entered the Gnomish Mines.
 You attained the rank of Sightseer.
 You entered Minetown.
 You attained the rank of Excursionist.

 The Dungeons of Doom: levels 1 to 2
    Level 1:
    Level 2:
       A fountain.
       Stairs down to The Gnomish Mines.
 The Gnomish Mines: levels 3 to 5
    Level 3:
    Level 4: <- You were here.
       Final resting place for
          you, killed by a watch captain.
    Level 5:


Vanquished creatures:
  3 gnome leaders
  6 dwarves
  a homunculus
 an orc zombie
  2 coyotes
  2 manes
 25 gnomes
  a gnome zombie
  a gecko
  5 jackals
  4 goblins
  a sewer rat
  6 grid bugs
  2 lichens
  a kobold zombie
  5 newts
66 creatures vanquished.

No species were genocided or became extinct.

Game over:
                       ----------
                      /          \
                     /    REST    \
                    /      IN      \
                   /     PEACE      \
                  /                  \
                  |    DiePARTEI     |
                  |      146 Au      |
                  |   killed by a    |
                  |  watch captain   |
                  |                  |
                  |                  |
                  |       2026       |
                 *|     *  *  *      | *
        _________)/\\_//(\/(/\)/\//\/|_)_______

Aloha DiePARTEI the Tourist...

You died in The Gnomish Mines on dungeon level 4 with 2086 points,
and 146 pieces of gold, after 1815 moves.
You were level 6 with a maximum of 68 hit points when you died.

